 Dungeon Crawl Stone Soup version 0.22-b1-21-g5cfc168 (webtiles) character file.

51 goulibeur the Unweaver (level 3, 0/29 HPs)
             Began as a Demonspawn Abyssal Knight on Aug 3, 2018.
             Was a Follower of Lugonu.
             Slain by a kobold (2 damage)
             ... on level 2 of the Dungeon.
             The game lasted 00:03:05 (1122 turns).

goulibeur the Unweaver (Demonspawn Abyssal Knight)  Turns: 1122, Time: 00:03:06

Health: 0/29       AC:  3    Str: 12    XL:     3   Next: 57%
Magic:  5/5        EV: 14    Int: 13    God:    Lugonu [*.....]
Gold:   101        SH:  0    Dex: 13    Spells: 2/2 levels left

rFire    . . .     SeeInvis .   a - +1 short sword
rCold    . . .     Gourm    .   (no shield)
rNeg     . . .     Faith    .   b - +0 leather armour
rPois    .         Spirit   .   (no helmet)
rElec    .         Reflect  .   (no cloak)
rCorr    .         Harm     .   (no gloves)
MR       .....                  (no boots)
Stlth    +.........             (no amulet)
HPRegen  0.09/turn              (no ring)
MPRegen  0.09/turn              (no ring)

@: no status effects
A: repulsion field 2
a: Depart the Abyss, Renounce Religion


You were on level 2 of the Dungeon.
You worshipped Lugonu.
Lugonu was aware of your devotion.
You were not hungry.

You visited 1 branch of the dungeon, and saw 2 of its levels.
You visited the Abyss 1 time.

You collected 101 gold pieces.

Inventory:

Hand Weapons
 a - a +1 short sword (weapon)
Armour
 b - a +0 leather armour (worn)
Jewellery
 f - an uncursed amulet of regeneration {unknown}
Scrolls
 g - a scroll of teleportation
 i - 2 scrolls of enchant armour {unknown}
Potions
 d - a potion of heal wounds {unknown}
 e - a potion of lignification {unknown}
Comestibles
 c - 2 rations
 h - 5 chunks of flesh


   Skills:
 + Level 3.3 Fighting
 - Level 1.7 Short Blades
 + Level 2.2 Armour
 + Level 1.5 Dodging
 * Level 3.7 Invocations


You had 2 spell levels left.
You didn't know any spells.
Your spell library was empty.

Dungeon Overview and Level Annotations

Branches:
Dungeon (2/15)

Altars:
Nemelex Xobeh

Annotations:
D:2 Sigmund


Innate Abilities, Weirdness & Mutations

You are surrounded by a moderate repulsion field. (EV +3)


Message History

Sigmund shouts!
Sigmund picks up a scroll labeled WODUOSIXZU.
You see here an adder corpse.
A kobold comes into view.
Sigmund points at you and mumbles some strange words.
The puff of flame hits you!
* * * LOW HITPOINT WARNING * * *
Found a chain mail.
Sigmund points at you and mumbles some strange words.
You are confused.
You see here an adder corpse.
You bump into the rock wall.
You feel less confused.
Sigmund hits you from afar with a scythe.
* * * LOW HITPOINT WARNING * * *
The kobold hits you.
* * * LOW HITPOINT WARNING * * *
There is a stone staircase leading down here.
The kobold hits you.
You die...

##.#.# #.#.#
#.#.# #.#.#
#...#
#########..#
........†@.#
.........#K###.#
...$...@.#@....#
.........#######
.........#
.........#
.........+
.........#
........[#


You could see Sigmund and a kobold.

Vanquished Creatures
  An adder (D:2)
  2 oozes (D:1)
  A giant cockroach (D:1)
  6 hobgoblins
  4 jackals (D:2)
  4 frilled lizards (D:1)
  4 goblins
  7 kobolds (D:1)
  4 rats (D:1)
33 creatures vanquished.

Notes
Turn   | Place    | Note
-------+----------+-------------------------------------------
     0 | Abyss:1  | goulibeur the Demonspawn Abyssal Knight began the quest for the Orb.
     0 | Abyss:1  | Reached XP level 1. HP: 18/18 MP: 2/2
    45 | Abyss:1  | Noticed a large abomination
    46 | D:1      | Escaped the Abyss
   107 | D:1      | Reached skill level 1 in Dodging
   123 | D:1      | Gained mutation: You are surrounded by a mild repulsion field. (EV +2) [demonic ancestry]
   123 | D:1      | Reached XP level 2. HP: 12/24 MP: 4/4
   124 | D:1      | Reached * piety under Lugonu
   514 | D:1      | Found a sparkling altar of Nemelex Xobeh.
   545 | D:1      | Gained mutation: You are surrounded by a moderate repulsion field. (EV +3) [demonic ancestry]
   545 | D:1      | Reached XP level 3. HP: 29/29 MP: 5/5
  1110 | D:2      | Noticed Sigmund
  1122 | D:2      | Slain by a kobold

Skill      XL: |  1  2 |
---------------+-------+-----
Dodging        | 1 |  1.5
Armour         | 2 |  2.2
Invocations    | 3 |  3.7
Fighting       | |  3.3
Short Blades   | |  1.7

Action                   || total
-------------------------++-------
Melee: Short sword       ||   107
Invok: Depart the Abyss  ||     1
  Use: Scroll            ||     2
  Eat: Chunk             ||     1
Armor: Leather armour    ||    18
Dodge: Dodged            ||    58
